 Dungeon Crawl Stone Soup version 0.30-a0-469-g84de5afbc5 (webtiles) character file.

Game seed: 10461095009093976310

897 Sabo the Covered (level 7, -1/62 HPs)
             Began as an Armataur Fighter on Dec 19, 2022.
             Slain by an iguana (9 damage)
             ... on level 5 of the Dungeon.
             The game lasted 00:21:08 (4472 turns).

Sabo the Covered (Armataur Fighter)                 Turns: 4472, Time: 00:21:09

Health: -1/62      AC: 10    Str: 23    XL:     7   Next: 79%
Magic:  7/7        EV:  6    Int:  8    God:
Gold:   189        SH:  9    Dex: 10    Spells: 6/6 levels left

rFire   . . .      SeeInvis .    a - +0 war axe
rCold   . . .      Faith    .    c - +0 buckler
rNeg    + . .      Spirit   .    k - +0 chain mail
rPois   +          Reflect  +    (no helmet)
rElec   .          Harm     .    i - +0 cloak
rCorr   .          Roll     +    (no gloves)
Will    .....                    (no barding)
Stlth   ..........               f - amulet of reflection
HPRegen 0.30/turn                o - ring of poison resistance
MPRegen 0.10/turn                x - ring of positive energy

@: no status effects
A: large, rugged brown scales 3, deformed body, armoured tail, roll, long
tongue, awkward tongue
a: no special abilities


You were on level 5 of the Dungeon.
You visited 1 branch of the dungeon, and saw 5 of its levels.

You collected 189 gold pieces.

Inventory:

Hand Weapons
 a - a +0 war axe (weapon)
 b - a +1 mace of holy wrath
 m - a +0 sling
Missiles
 p - 4 poisoned darts (quivered)
Armour
 c - a +0 buckler (worn)
 i - a +0 cloak (worn)
 k - a +0 chain mail (worn)
Jewellery
 f - an amulet of reflection (around neck)
 o - a ring of poison resistance (left hand)
 x - a ring of positive energy (right hand)
Wands
 u - a wand of flame (24)
 y - a wand of iceblast (15)
Scrolls
 e - a scroll of enchant weapon
 g - a scroll of brand weapon {unknown}
 h - a scroll of teleportation
 l - a scroll of enchant armour {unknown}
 w - a scroll of amnesia {unknown}
Potions
 d - 3 potions of might
 j - 2 potions of mutation {unknown}
 n - 2 potions of heal wounds
 q - a potion of lignification {unknown}
 r - a potion of curing {unknown}
 s - a potion of magic {unknown}
 t - 2 potions of brilliance {unknown}
 v - 2 potions of degeneration {unknown}


   Skills:
 + Level 3.9 Fighting
 + Level 4.9 Axes
 + Level 6.7 Armour
 + Level 1.2 Dodging
 + Level 0.8 Stealth
 + Level 4.7 Shields


You had 6 spell levels left.
You didn't know any spells.
Your spell library contained the following spells:

 Spells                   Type           Power      Damage    Failure   Level
 Ensorcelled Hibernation  Hex/Ice        0%         N/A       99%         2
 Spider Form              Tmut/Pois      0%         N/A       100%        3
 Anguish                  Hex/Necr       0%         N/A       100%        4


Dungeon Overview and Level Annotations

Branches:
Dungeon (5/15)
 Temple: D:4-7

Altars:

Shops:
D:4 *


Innate Abilities, Weirdness & Mutations

You are completely covered in rugged brown scales. (AC +3, +7% HP)
Armour fits poorly on your strangely shaped body.
You have a long armoured tail.
You roll when moving toward enemies. (Rampage)
Your long tongue fully drains potion bottles. (2x potion effects)
Your tongue gives you trouble enunciating. (1.5x scroll delay)


Message History

You closely miss the orc wizard.
The orc wizard is moderately wounded.
You block the orc wizard's attack.
You slash the orc wizard!
The orc wizard is severely wounded.
The orc wizard completely misses you.
The orc wizard hits you but does no damage.
You closely miss the orc wizard.
The orc wizard is severely wounded.
The orc wizard hits you but does no damage.
You slash the orc wizard!
You kill the orc wizard!
You barely miss the orc. The orc hits you with a +0 flail.
You barely miss the orc.
Your tail-slap misses the orc.
You block the orc's attack. The orc hits you but does no damage.
You barely miss the orc. You block the orc's attack.
You closely miss the orc. The orc hits you with a +0 flail.
You hit the orc but do no damage. The orc hits you but does no damage.
You closely miss the orc. You tail-slap the orc.
The orc is moderately wounded.
The orc barely misses you. The orc hits you with a +0 flail.
You slash the orc!
You kill the orc!
You hit the iguana.
Your tail-slap misses the iguana.
The iguana is lightly wounded.
The iguana bites you.
You hit the iguana but do no damage.
The iguana is lightly wounded.
The iguana bites you.
* * * LOW HITPOINT WARNING * * *
The iguana bites you.
* * * LOW HITPOINT WARNING * * *
You hit the iguana.
The iguana is moderately wounded.
The iguana bites you.
* * * LOW HITPOINT WARNING * * *
You hit the iguana.
The iguana is moderately wounded.
The iguana bites you!
You die...

..# #.# ..# #.#
#.# #.# #.# #.#
#.# #.# #o# #.#
#o# #@#
#.###.###l#..
#.....o.)..#
#######.###....
#.......#
###### #.#
#.####### ..#
#.# ..# #.#
..####.##


You could see an iguana.

Vanquished Creatures
  Grinder (D:3)
  Menkaure (D:4)
  An ogre (D:5)
  A phantom (D:5)
  Blork the orc (D:4)
  2 scorpions
  A jelly (D:5)
  An iguana (D:5)
  An orc wizard (D:5)
  5 adders
  3 dart slugs
  9 orcs
  11 ball pythons
  6 bats
  5 endoplasms
  3 giant cockroaches
  6 goblins
  5 hobgoblins
  5 jackals
  4 quokkas
  3 frilled lizards
  6 kobolds
  7 rats
88 creatures vanquished.

Notes
Turn   | Place    | Note
-------+----------+-------------------------------------------
     0 | D:1      | Sabo the Armataur Fighter began the quest for the Orb.
     0 | D:1      | Reached XP level 1. HP: 19/19 MP: 1/1
   347 | D:1      | Reached skill level 4 in Armour
   347 | D:1      | Reached XP level 2. HP: 26/26 MP: 2/2
  1187 | D:2      | Reached XP level 3. HP: 32/33 MP: 3/3
  1909 | D:3      | Noticed Grinder
  1925 | D:3      | Paralysed by Grinder for 2 turns
  1930 | D:3      | Paralysed by Grinder for 4 turns
  1942 | D:3      | Killed Grinder
  1943 | D:3      | Reached skill level 5 in Armour
  1943 | D:3      | Reached XP level 4. HP: 11/40 MP: 4/4
  1943 | D:3      | Reached XP level 5. HP: 14/48 MP: 5/5
  2102 | D:3      | Reached XP level 6. HP: 49/54 MP: 6/6
  3264 | D:4      | Found Liedeu's General Store.
  3303 | D:4      | Noticed Menkaure
  3312 | D:4      | Killed Menkaure
  3313 | D:4      | Reached skill level 6 in Armour
  3991 | D:4      | Noticed Blork the orc
  3999 | D:4      | Killed Blork the orc
  4000 | D:4      | Reached skill level 1 in Dodging
  4000 | D:4      | Reached XP level 7. HP: 53/62 MP: 7/7
  4290 | D:5      | Entered Level 5 of the Dungeon
  4472 | D:5      | Slain by an iguana

Illustrated notes

Levels and vault maps discovered:
D:1:      dpeg_arrival_court, layout_basic, minivault_4
D:2:      layout_loops_cross, columned_hall_lemuel, minmay_hexomino_f4
D:3:      cheibrodos_old_hovel, layout_basic, chequers_arboretum,
          minmay_unequal, uniq_grinder
D:4:      layout_layer_cave, serial_shops, kennysheep_mini, uniq_blork_the_orc,
          uniq_menkaure
D:5:      cheibrodos_quashed, layout_loops_ring, mainiacjoe_overflow_paths,
          nicolae_ossuary_entry_giza, uniq_ijyb

Skill      XL: |  1  2  3  4  5  6 |
---------------+-------------------+-----
Armour         | 4 5 6 |  6.7
Fighting       | 3 |  3.9
Axes           | 3 4 |  4.9
Shields        | 4 |  4.7
Dodging        | 1 |  1.2
Stealth        | |  0.8

Action                   |  1- 3 |  4- 6 |  7- 9 || total
-------------------------+-------+-------+-------++-------
Melee: War axe           |   103 |    91 |    65 ||   259
       Tailslap          |     7 |     8 |    10 ||    25
  Use: Scroll            |     4 |     1 |       ||     5
       Potion            |     1 |     1 |       ||     2
Armor: Scale mail        |     4 |       |       ||     4
       Chain mail        |    66 |    50 |    22 ||   138
Dodge: Dodged            |    35 |    23 |    17 ||    75
Block: Buckler           |    14 |    39 |    26 ||    79
       Reflection        |       |     3 |       ||     3

Table legend: (Time is in decaauts)
 A = Elapsed time spent in this place.
 B = Non-inter-level travel time spent in this place.
 C = Inter-level travel time spent in this place.
 D = Time resting spent in this place.
 E = Time spent auto-exploring this place.
 F = Levels seen in this place.
 G = Mean time per level.
                   A        B        C        D        E       F      G
               +--------+--------+--------+--------+--------+-----+--------+
         Total |   4570 |   4570 |      0 |    645 |      0 |   5 |  914.0 |
       Dungeon |   4570 |   4570 |      0 |    645 |      0 |   5 |  914.0 |
               +--------+--------+--------+--------+--------+-----+--------+

Top non-repeatable levels by time:
     D:3: 1283 daAuts
     D:4: 1162 daAuts
     D:1: 1043 daAuts
     D:2: 882 daAuts
     D:5: 198 daAuts
